 Dungeon Crawl Stone Soup version 0.27-a0-223-ge082b6e869 (webtiles) character file.

Game seed: 4886306809064960996

16697 KristoblXynda the Grappler (level 12, -41/111 HPs)
             Began as a Troll Monk on Feb 1, 2021.
             Was a Priest of Ashenzari.
             Annihilated by an enormous slime creature (70 damage)
             ... on level 12 of the Dungeon.
             The game lasted 00:17:09 (10944 turns).

KristoblXynda the Grappler (Troll Monk)            Turns: 10944, Time: 00:17:10

Health: -41/111    AC: 15    Str: 30    XL:     12   Next: 12%
Magic:  0/11       EV: 18    Int: 16    God:    Ashenzari [***...]
Gold:   831        SH:  0    Dex: 18    Spells: 11/11 levels left

rFire    . . .     SeeInvis +     - Unarmed
rCold    + + .     Faith    .   (no shield)
rNeg     . . .     Spirit   +   H - +4 skin of Zhor {Englaciate rC+++ SInv} (curse)
rPois    .         Reflect  .   s - +2 hat (curse)
rElec    .         Harm     .   g - +1 cloak
rCorr    .         Rampage  .   (gloves unavailable)
Will     +....                  (boots unavailable)
Stlth    ++........             z - amulet of guardian spirit
HPRegen  0.68/turn              e - +6 ring of dexterity (curse)
MPRegen  0.12/turn              D - ring "Jiukh" {*Corrode rC- Will+ Str+8 Int+6} (curse)

@: no status effects
A: large, unfitting armour, claws 3, regeneration 1, shaggy fur 1, tough skin 3
a: Renounce Religion, Curse Item, Scrying


You were on level 12 of the Dungeon.
You worshipped Ashenzari.
Ashenzari was most pleased with you.
You visited 2 branches of the dungeon, and saw 13 of its levels.
You also visited: Bailey.

You collected 831 gold pieces.

Inventory:

Hand Weapons
 t - a +4 whip of freezing
Armour
 g - a +1 cloak (worn)
 s - a cursed +2 hat (worn)
 u - a +2 robe of positive energy
 H - the cursed +4 skin of Zhor (worn) {Englaciate rC+++ SInv}
   (You found it on level 10 of the Dungeon)

   It renders you almost immune to cold.
   It lets you see invisible.
   It has a curse placed upon it.
Jewellery
 a - an uncursed ring of protection from fire
 c - an uncursed ring of stealth
 e - a cursed +6 ring of dexterity (left claw)
 j - an uncursed ring of magical power
 r - a +6 ring of intelligence
 z - an amulet of guardian spirit (around neck)
 A - an uncursed ring of positive energy
 D - the cursed ring "Jiukh" (right claw) {*Corrode rC- Will+ Str+8 Int+6}
   (You found it on level 8 of the Dungeon)

   [ring of willpower]

   It affects your strength (+8).
   It affects your intelligence (+6).
   It makes you vulnerable to cold.
   It affects your willpower, your defense against some magical effects.
   It may corrode you when you take damage.
   It has a curse placed upon it.
Wands
 m - a wand of acid (1)
 p - a wand of iceblast (2)
Scrolls
 b - 3 scrolls of remove curse
 h - 6 scrolls of magic mapping
 i - a scroll of amnesia
 k - 9 scrolls of teleportation
 y - a scroll of enchant armour
Potions
 d - 2 potions of magic
 f - 8 potions of curing
 l - a potion of heal wounds
 n - 3 potions of attraction
 o - 5 potions of might
 q - a potion of berserk rage
 v - a potion of lignification
 w - a potion of brilliance
 x - 2 potions of cancellation
 F - a potion of haste
 J - a potion of flight
Miscellaneous
 B - a tin of tremorstones (1/2)
 C - a box of beasts (inert)


   Skills:
 - Level 5.0 Fighting
 + Level 8.1 Armour
 + Level 9.6(11.4) Dodging
 - Level 1.0(2.1) Stealth
 + Level 11.3 Unarmed Combat
 + Level 4.7(6.5) Evocations


You had 11 spell levels left.
You didn't know any spells.
Your spell library contained the following spells:

 Spells                   Type           Power        Failure   Level
 Apportation              Tloc           0%           24%         1
 Summon Small Mammal      Summ           0%           24%         1
 Call Imp                 Summ           0%           34%         2
 Call Canine Familiar     Summ           0%           56%         3
 Summon Guardian Golem    Hex/Summ       0%           56%         3
 Summon Ice Beast         Ice/Summ       0%           93%         4
 Summon Lightning Spire   Summ/Air       0%           93%         4


Dungeon Overview and Level Annotations

Branches:
Dungeon (12/15)            Temple (1/1) D:7            Lair (0/6) D:8
    Orc (0/2) D:10         Bailey (visited)

Altars:
Ashenzari
Cheibriados
Dithmenos
Elyvilon
Fedhas
Gozag
Hepliaklqana
Kikubaaqudgha
Makhleb
Nemelex Xobeh
Okawaru
Qazlal
Ru
Sif Muna
Trog
Uskayaw
Vehumet
Wu Jian
Xom
Yredelemnul
Zin
The Shining One


Innate Abilities, Weirdness & Mutations

You are too large for most types of armour.
You have claws for hands.
Your natural rate of healing is unusually fast.
You are covered in fur. (AC +1)
You have extremely tough skin. (AC +3)


Message History

The enormous slime creature seems to slow down.
The enormous slime creature is no longer moving slowly.
You radiate an aura of cold.
The enormous slime creature resists.
Evoke which item? (* to show all) (? for menu, Esc to quit)
The tremorstone explodes into fragments!
The burst of rock shards engulfs the enormous slime creature!!
The burst of rock shards engulfs you!
The burst of rock shards engulfs the enormous slime creature!
The burst of rock shards engulfs the enormous slime creature!!
The burst of rock shards engulfs you.
You radiate an aura of cold.
The enormous slime creature seems to slow down.
You hear a shout!
Unknown command.
The enormous slime creature hits you!
* * * LOW HITPOINT WARNING * * *
You mangle the enormous slime creature!!
The enormous slime creature is almost dead.
The enormous slime creature hits you!!!!
Ouch! That really hurt!
You die...

########## .........#
########.# ..!#####.##
##........###############
#######.......J@.......#
#..#############.# #..#
#.# * #... #.# , ,* ≈≈≈≈#
#.# * * ##...# #.# .#.##
##.## .#.###### ##...## *
* #.#.##...######.#.#.##


You could see an enormous slime creature (slow).

Vanquished Creatures
  Gastronok (D:8)
  A centaur warrior (D:8)
  A boulder beetle (D:8)
  Erica (D:9)
  A two-headed ogre (D:8)
  An unseen horror (D:11)
  Pikel (D:6)
  An ugly thing (D:11)
  4 slime creatures (D:11)
  Psyche (D:9)
  A centaur skeleton (D:10)
  2 komodo dragons (D:8)
  2 trolls (D:11)
  Sigmund (D:5)
  3 wyverns (D:8)
  A vampire (D:9)
  A wraith (D:8)
  A basilisk (D:8)
  10 yaks (D:10)
  Eustachio (D:5)
  Grum (D:9)
  Edmund (D:6)
  A water moccasin (D:10)
  A soldier ant (D:11)
  Duvessa (D:6)
  A swamp drake (D:8)
  7 orc warriors
  2 sky beasts
  2 ice beasts (D:8)
  A black bear (D:8)
  3 ogres
  5 centaurs
  2 wolves (D:9)
  A lemure (D:6)
  A phantom (D:7)
  6 bullfrogs
  2 big kobolds
  Dowan (D:6)
  An elf skeleton (D:8)
  A wyvern skeleton (D:4)
  4 scorpions
  A troll zombie (D:8)
  4 howler monkeys
  8 wights
  2 centaur zombies
  A quasit (D:8)
  14 hounds
  3 human zombies (D:8)
  5 jellies
  6 orc priests
  2 bullfrog skeletons
  An iguana (D:9)
  7 worker ants
  Ijyb (D:5)
  13 orc wizards
  An ogre skeleton (D:8)
  A hound zombie (D:8)
  3 mummies (D:8)
  A worker ant zombie (D:9)
  Robin (D:2)
  5 gnolls
  A howler monkey skeleton (D:5)
  19 adders
  2 shadow imps
  3 white imps
  2 ufetubi (D:8)
  2 oozes
  3 adder zombies
  4 worms
  2 dart slugs
  12 leopard geckos
  33 orcs
  6 bats
  5 giant cockroaches
  24 goblins
  9 hobgoblins
  15 jackals
  7 quokkas
  3 ball pythons
  4 frilled lizards
  17 kobolds
  A leopard gecko skeleton (D:8)
  A leopard gecko zombie (D:8)
  An orc zombie (D:8)
  4 rats
341 creatures vanquished.

Vanquished Creatures (others)
  12 plants
12 creatures vanquished.

Grand Total: 353 creatures vanquished

Notes
Turn   | Place    | Note
-------+----------+-------------------------------------------
     0 | D:1      | KristoblXynda the Troll Monk began the quest for the Orb.
     0 | D:1      | Reached XP level 1. HP: 22/22 MP: 0/0
   122 | D:1      | Reached XP level 2. HP: 29/29 MP: 1/1
   719 | D:2      | Reached XP level 3. HP: 36/36 MP: 2/2
  1020 | D:2      | Reached XP level 4. HP: 45/45 MP: 3/3
  1062 | D:2      | Noticed Robin
  1085 | D:2      | Killed Robin
  1617 | D:3      | Reached skill level 4 in Unarmed Combat
  1630 | D:3      | Found a shadowy altar of Dithmenos.
  1761 | D:3      | Reached XP level 5. HP: 52/53 MP: 4/4
  2314 | D:4      | Noticed an ogre
  2323 | D:4      | Killed an ogre
  2324 | D:4      | Reached XP level 6. HP: 62/62 MP: 5/5
  2412 | D:4      | Noticed a -3 dagger
  2413 | D:4      | Found a hide-covered altar of Uskayaw.
  2413 | D:4      | Noticed a +0 hand axe
  2462 | D:4      | Found a stormy altar of Qazlal.
  2574 | D:4      | Reached skill level 5 in Unarmed Combat
  2951 | D:5      | Entered Level 5 of the Dungeon
  2959 | D:5      | Noticed Eustachio
  2962 | D:5      | Noticed Ijyb
  2972 | D:5      | Reached XP level 7. HP: 68/71 MP: 6/6
  2980 | D:5      | Killed Ijyb
  2983 | D:5      | Killed Eustachio
  3181 | D:5      | Found a sparkling altar of Nemelex Xobeh.
  3339 | D:5      | Found a glowing silver altar of Zin.
  3339 | D:5      | Found a glowing golden altar of the Shining One.
  3340 | D:5      | Found a white marble altar of Elyvilon.
  3569 | D:5      | Reached skill level 5 in Fighting
  3569 | D:5      | Reached skill level 5 in Dodging
  3569 | D:5      | Reached skill level 6 in Unarmed Combat
  3664 | D:5      | Noticed Sigmund
  3669 | D:5      | Killed Sigmund
  3670 | D:5      | Reached skill level 1 in Armour
  3670 | D:5      | Reached XP level 8. HP: 80/80 MP: 7/7
  3931 | D:6      | Noticed Pikel
  3948 | D:6      | Killed Pikel
  3949 | D:6      | Reached skill level 7 in Unarmed Combat
  4010 | D:6      | Noticed Duvessa
  4013 | D:6      | Noticed Dowan
  4021 | D:6      | Killed Duvessa
  4023 | D:6      | Killed Dowan
  4127 | D:6      | Found an ornate altar of the Wu Jian Council.
  4212 | D:6      | Noticed Edmund
  4237 | D:6      | Killed Edmund
  4238 | D:6      | Reached XP level 9. HP: 51/88 MP: 8/8
  4723 | D:7      | Identified the +9 shortbow of Salt {vorpal, rPois Int+8}
  4901 | D:7      | Found a shimmering blue altar of Sif Muna.
  4910 | D:7      | Reached skill level 8 in Unarmed Combat
  4917 | D:7      | Identified Sif Muna's Volume of Orientation
  5202 | D:7      | Found a sacrificial altar of Ru.
  5353 | D:7      | Found a staircase to the Ecumenical Temple.
  5374 | Temple   | Entered the Ecumenical Temple
  5416 | Temple   | Became a worshipper of Ashenzari the Shackled
  5416 | Temple   | Reached * piety under Ashenzari
  5416 | Temple   | Reached ** piety under Ashenzari
  6151 | D:8      | Reached skill level 5 in Armour
  6182 | D:8      | Noticed a komodo dragon
  6191 | D:8      | Killed a komodo dragon
  6225 | D:8      | Reached XP level 10. HP: 65/96 MP: 9/9
  6271 | D:8      | Reached skill level 9 in Unarmed Combat
  6311 | D:8      | Found a staircase to the Lair.
  6679 | D:8      | Identified a scroll of acquirement
  6721 | D:8      | Noticed a two-headed ogre
  6729 | D:8      | Killed a two-headed ogre
  6794 | D:8      | Acquired a cursed +2 hat
  6963 | D:8      | Noticed Gastronok
  6982 | D:8      | Killed Gastronok
  6983 | D:8      | Reached skill level 10 in Unarmed Combat
  7249 | D:8      | Reached XP level 11. HP: 102/102 MP: 10/10
  7273 | D:8      | Found a basalt altar of Yredelemnul.
  7473 | D:8      | Found an opulent altar of Gozag.
  7721 | D:8      | Noticed a centaur warrior
  7721 | D:8      | Noticed a boulder beetle
  7722 | D:8      | Identified the ring "Jiukh" {*Corrode rC- Will+ Str+8
                  | Int+6}
  7736 | D:8      | Killed a boulder beetle
  7747 | D:8      | Killed a centaur warrior
  7994 | D:9      | Found a flagged portal.
  8014 | Bailey   | Entered a bailey
  8017 | Bailey   | Noticed an orc knight
  8017 | Bailey   | Noticed an orc knight
  8231 | D:9      | Noticed Psyche
  8242 | D:9      | Killed Psyche
  8261 | D:9      | Found a hazy altar of Hepliaklqana.
  8377 | D:9      | Noticed Grum
  8390 | D:9      | Killed Grum
  8577 | D:9      | Found an iron altar of Okawaru.
  8578 | D:9      | Found a bloodstained altar of Trog.
  8870 | D:9      | Noticed Erica
  8883 | D:9      | Killed Erica
  8916 | D:10     | Entered Level 10 of the Dungeon
  8916 | D:10     | Found the +4 skin of Zhor {Englaciate rC+++ SInv}
  8919 | D:10     | Found a staircase to the Orcish Mines.
  9068 | D:10     | Reached *** piety under Ashenzari
  9536 | D:11     | Reached skill level 11 in Unarmed Combat
  9812 | D:11     | Noticed a white ugly thing
  9824 | D:11     | Killed a white ugly thing
 10156 | D:11     | Identified the cursed +1 robe "Qolaonipn" {rF+ Int+5}
 10389 | D:11     | Noticed an unseen horror
 10392 | D:11     | Killed an unseen horror
 10423 | D:11     | Reached XP level 12. HP: 69/111 MP: 11/11
 10944 | D:12     | Annihilated by an enormous slime creature

Illustrated notes

Levels and vault maps discovered:
D:1:      erik_arrival_blinker_ship, layout_rooms, serial_forest,
          infiniplex_forest_end_2, infiniplex_forest_clump_long,
          infiniplex_forest_clump_diagonal, infiniplex_forest_lined_3,
          infiniplex_forest_lined_room_, infiniplex_forest_straight_2,
          infiniplex_forest_clump_medium, infiniplex_forest_clump_curved,
          infiniplex_forest_lined_3_way, minmay_3d_cube
D:2:      layout_basic, grunt_ministairs_9, nrook_mini_vaults, uniq_robin
D:3:      minmay_bubble_buster, layout_rooms, grunt_dithmenos_smoke_and_mirrors
D:4:      layout_basic, nicolae_qazlal_general_emergency,
          dancing_weapons_uskayaw
D:5:      layout_basic, good_gods_mini_temple,
          nemelex_xobeh_ov_fountains_minmay, uniq_ijyb, uniq_eustachio,
          uniq_sigmund
D:6:      layout_loops_cross, kennysheep_little_box, uniq_edmund, uniq_pikel,
          uniq_duvessa
D:7:      layout_loops_ring, overflow_temple_1_default, led_sif_book,
          minmay_temple_entry_mist
D:8:      nzn_winding_woodlands_large [nzn_winding_woodlands_hourglass,
          nzn_winding_woodlands_5x15_concentric,
          nzn_winding_woodlands_5x5_open_star,
          nzn_winding_woodlands_center_diamonds,
          nzn_winding_woodlands_15x15_boxy_spiral,
          nzn_winding_woodlands_center_garden,
          nzn_winding_woodlands_5x5_default,
          nzn_winding_woodlands_5x15_pathside_ponds,
          nzn_winding_woodlands_5x5_default], layout_rooms,
          lemuel_mausoleum_altar_yredelemnul, grunt_gozag_breadcrumbs,
          erik_lair_dragon, st_stairs_12, uniq_gastronok
D:9:      layout_roguey, grunt_temple_overflow_bloody_war,
          general_overflow_altar, enter_bailey_3, uniq_erica, uniq_psyche,
          uniq_grum
D:10:     layout_cave_pools, orc_0_dummy, minmay_statues_item
D:11:     layout_grid_maze
D:12:     layout_loops_ring, serial_rivers, chequers_serial_rivers_micro_b,
          chequers_serial_rivers_large_b, chequers_serial_rivers_micro_e,
          chequers_serial_rivers_marsh, chequers_serial_rivers_marsh,
          chequers_serial_rivers_marsh, chequers_serial_rivers_micro_b,
          minmay_misc_feat_hallway
Temple:   jpeg_temple_island

Skill      XL: |  1  2  3  4  5  6  7  8  9 10 11 12 |
---------------+-------------------------------------+-----
Fighting       | 3 4 5 |  5.0
Dodging        | 3 4 5 6 7 8 9 |  9.6
Unarmed Combat | 4 5 6 7 8 10 11 | 11.3
Armour         | 1 3 5 6 7 8 |  8.1
Evocations     | 2 4 |  4.7
Stealth        | |  1.0

Action                   |  1- 3 |  4- 6 |  7- 9 | 10-12 || total
-------------------------+-------+-------+-------+-------++-------
Melee: Unarmed           |   114 |   216 |   300 |   461 ||  1091
       Punch             |     1 |     3 |    11 |    31 ||    46
Invok: Curse Item        |       |       |     1 |     2 ||     3
Evoke: Wand              |       |     1 |     7 |     4 ||    12
       Box of beasts     |       |       |       |     1 ||     1
       Tin of tremorston |       |       |       |     1 ||     1
  Use: Scroll            |       |       |    13 |    11 ||    24
       Potion            |       |       |     1 |     4 ||     5
 Stab: Sleeping          |     2 |     5 |    13 |    21 ||    41
       Distracted        |       |       |     1 |     1 ||     2
Armor: Robe              |    44 |    63 |    87 |   101 ||   295
       Animal skin       |       |       |       |    32 ||    32
Dodge: Dodged            |    68 |   108 |   169 |   290 ||   635

Table legend: (Time is in decaauts)
 A = Elapsed time spent in this place.
 B = Non-inter-level travel time spent in this place.
 C = Inter-level travel time spent in this place.
 D = Time resting spent in this place.
 E = Time spent auto-exploring this place.
 F = Levels seen in this place.
 G = Mean time per level.
                   A        B        C        D        E       F      G
               +--------+--------+--------+--------+--------+-----+--------+
         Total |  10863 |  10527 |    336 |   1724 |   6488 |  14 |  775.9 |
       Dungeon |  10577 |  10258 |    319 |   1724 |   6245 |  12 |  881.4 |
        Temple |    276 |    259 |     17 |      0 |    242 |   1 |  276.0 |
        Bailey |      9 |      9 |      0 |      0 |      0 |   1 |    9.0 |
               +--------+--------+--------+--------+--------+-----+--------+

Top non-repeatable levels by time:
     D:8: 2078 daAuts
    D:11: 1270 daAuts
     D:5: 967 daAuts
     D:9: 940 daAuts
     D:2: 914 daAuts
     D:7: 898 daAuts
     D:6: 773 daAuts
     D:3: 701 daAuts
     D:1: 676 daAuts
     D:4: 634 daAuts
    D:10: 580 daAuts
  Temple: 276 daAuts
    D:12: 143 daAuts
  Bailey: 9 daAuts
